 Dungeon Crawl Stone Soup version 0.23-a0-335-gba3dfdf (webtiles) character file.

1470 Garbasso the Thaumaturge (level 8, 0/58 HPs)
             Began as a Gnoll Wizard on Oct 17, 2018.
             Slain by a wyvern skeleton (9 damage)
             ... on level 8 of the Dungeon.
             The game lasted 00:32:03 (8492 turns).

Garbasso the Thaumaturge (Gnoll Wizard)             Turns: 8492, Time: 00:32:03

Health: 0/58       AC:  7    Str: 11    XL:     8   Next: 78%
Magic:  25/29      EV: 13    Int: 22    God:
Gold:   464        SH:  0    Dex: 13    Spells: 12/23 levels left

rFire    + . .     SeeInvis .   H - +0 spear (vamp)
rCold    . . .     Gourm    +   (no shield)
rNeg     . . .     Faith    .   K - +1 ring mail {rF+}
rPois    .         Spirit   .   b - +0 hat
rElec    .         Reflect  .   l - scarf {cloud immunity}
rCorr    .         Harm     .   x - +0 pair of gloves
MR       .....                  (no boots)
Stlth    ++........             v - amulet of the gourmand
HPRegen  0.19/turn              h - +4 ring of protection
MPRegen  0.21/turn              j - ring of magical power

@: corroded
A: distributed training, fangs 1, strong nose
a: no special abilities


You were on level 8 of the Dungeon.
You were completely stuffed.

You visited 1 branch of the dungeon, and saw 8 of its levels.

You collected 464 gold pieces.

Inventory:

Hand Weapons
 p - a +1 flail of holy wrath
 H - a +0 vampiric spear (weapon)
Armour
 a - a +0 robe
 b - a +0 hat (worn)
 l - a scarf of cloud immunity (worn)
 w - a +0 leather armour
 x - a +0 pair of gloves (worn)
 K - a +1 ring mail of fire resistance (worn)
Jewellery
 h - a +4 ring of protection (left hand)
 j - a ring of magical power (right hand)
 o - a +3 ring of dexterity
 v - an amulet of the gourmand (around neck)
Wands
 u - a wand of enslavement (9)
Scrolls
 g - 2 scrolls of amnesia
 k - 2 scrolls of enchant weapon
 n - a scroll of enchant armour {unknown}
 r - a scroll of noise {unknown}
 s - a scroll of random uselessness {unknown}
 t - 5 scrolls of teleportation
 y - 2 scrolls of magic mapping {unknown}
 B - a scroll of immolation {unknown}
 D - a scroll of fear {unknown}
 G - a scroll of vulnerability {unknown}
 I - a scroll of blinking {unknown}
Potions
 c - a potion of heal wounds
 e - 2 potions of mutation
 f - a potion of magic
 i - a potion of haste {unknown}
 m - a potion of curing {unknown}
 q - a potion of brilliance
 z - a potion of berserk rage {unknown}
 A - a potion of agility {unknown}
 C - 4 potions of might {unknown}
 E - a potion of lignification
 F - a potion of ambrosia {unknown}
Comestibles
 d - 12 rations
 J - 4 chunks of flesh


   Skills:
 + Level 3.5 Fighting
 + Level 3.5 Short Blades
 + Level 3.5 Long Blades
 + Level 3.5 Axes
 + Level 3.5 Maces & Flails
 + Level 3.5 Polearms
 + Level 3.5 Staves
 + Level 3.5 Slings
 + Level 3.5 Bows
 + Level 3.5 Crossbows
 + Level 3.5 Throwing
 + Level 3.5 Armour
 + Level 5.8 Dodging
 + Level 5.5 Stealth
 + Level 3.5 Shields
 + Level 3.5 Unarmed Combat
 + Level 8.0 Spellcasting
 + Level 3.6 Conjurations
 + Level 2.8 Hexes
 + Level 2.8 Charms
 + Level 3.6 Summonings
 + Level 2.8 Necromancy
 + Level 3.6 Translocations
 + Level 2.8 Transmutations
 + Level 2.8 Fire Magic
 + Level 2.8 Ice Magic
 + Level 2.8 Air Magic
 + Level 2.8 Earth Magic
 + Level 2.8 Poison Magic
 + Level 3.8 Invocations
 + Level 3.5 Evocations


You had 12 spell levels left.
You knew the following spells:

 Your Spells              Type           Power        Failure   Level  Hunger
a - Magic Dart            Conj           ###.         3%          1    None
b - Call Imp              Summ           ###.....     6%          2    None
c - Blink                 Tloc           N/A          6%          2    None
d - Mephitic Cloud        Conj/Pois/Air  ###.....     14%         3    None
e - Conjure Flame         Conj/Fire      ###.....     13%         3    None

Your spell library contained the following spells:

 Spells                   Type           Power        Failure   Level  Hunger
 Slow                     Hex            ###.....     8%          2    None


Dungeon Overview and Level Annotations

Branches:
Dungeon (8/15)               Lair (0/6) D:8
 Temple: D:4-7

Altars:
Hepliaklqana
Nemelex Xobeh
Okawaru
Trog
Wu Jian
Xom
Yredelemnul
Zin

Annotations:
D:8 Maurice


Innate Abilities, Weirdness & Mutations

Your experience applies equally to all skills.
You have very sharp teeth.
Your uncanny sense of smell can sniff out nearby items.


Message History

The wyvern skeleton barely misses you.
Casting: Mephitic Cloud (safe; 14% risk of failure)
Confirm with . or Enter, or press ? or * to list all spells.
A beastly little devil appears in a puff of frigid air.
Maurice opens the door.
The wyvern skeleton bites you!
Casting: Call Imp (safe; 6% risk of failure)
Confirm with . or Enter, or press ? or * to list all spells.
A beastly little devil appears in a puff of flame.
Maurice zaps a wand.
The bolt of acid hits you!
You are splashed with acid!
The acid burns!
* * * LOW HITPOINT WARNING * * *
The wyvern skeleton completely misses you.
Your white imp gestures at the wyvern skeleton.
The puff of frost hits the wyvern skeleton.
The wyvern skeleton resists.
Maurice mumbles some strange words.
Maurice flickers and vanishes!
Deactivating autopickup; reactivate with Ctrl-A.
The wyvern skeleton bites you!
You die...

#...................
#...................
#......#############
#......# #.... #......#
#.... #......# #....
#......# #....
########.#'#### #....
.......5.Z@...# #....
........#.....# ######
........'.5...# #.....
.....[s{#....#########.....
........#....##.##...#.....
........#............'.....
........#............#.....
........#............#.....
........#............#.....


You could see a scorpion, a wyvern skeleton, a friendly crimson imp and a
friendly white imp.

Vanquished Creatures
  An ice beast (D:8)
  A sky beast (D:5)
  A centaur (D:5)
  2 gnoll sergeants
  2 bullfrogs
  A howler monkey (D:5)
  A bullfrog zombie (D:8)
  A centaur zombie (D:8)
  A hound (D:5)
  A jelly (D:8)
  A gnoll shaman (D:3)
  An orc priest (D:7)
  An orc wizard (D:5)
  2 iguanas
  3 worker ants
  15 gnolls
  11 adders
  A shadow imp (D:7)
  An ooze (D:2)
  2 adder skeletons
  3 worms
  2 dart slugs
  4 leopard geckos
  5 orcs
  6 bats
  9 giant cockroaches
  5 goblins
  7 hobgoblins
  8 jackals
  9 kobolds
  A quokka (D:3)
  2 ball pythons
  3 frilled lizards
  A giant cockroach zombie (D:5)
  5 rats
120 creatures vanquished.

Vanquished Creatures (collateral kills)
  The ghost of lemonriz the Poker, an amateur HOMo of Beogh (D:3)
  A phantom (D:8)
  An ogre (D:8)
  A crimson imp (D:8)
  A centaur zombie (D:8)
  A hound (D:6)
  A gnoll (D:2)
  An adder (D:8)
  A leopard gecko (D:1)
  4 orcs (D:8)
  A giant cockroach (D:7)
  2 hobgoblins (D:1)
  2 jackals (D:7)
  A rat (D:1)
19 creatures vanquished.

Grand Total: 139 creatures vanquished

Notes
Turn   | Place    | Note
-------+----------+-------------------------------------------
     0 | D:1      | Garbasso the Gnoll Wizard began the quest for the Orb.
     0 | D:1      | Reached XP level 1. HP: 13/13 MP: 8/8
   210 | D:1      | Reached XP level 2. HP: 19/19 MP: 3/10
   235 | D:1      | Learned a level 2 spell: Call Imp
   238 | D:1      | Learned a level 2 spell: Blink
   816 | D:1      | Reached XP level 3. HP: 25/25 MP: 7/11
   821 | D:1      | Learned a level 3 spell: Mephitic Cloud
   825 | D:1      | Learned a level 3 spell: Conjure Flame
  1168 | D:2      | Reached skill level 1 in Invocations
  1390 | D:2      | Reached skill level 1 in Fighting
  1390 | D:2      | Reached skill level 1 in Short Blades
  1390 | D:2      | Reached skill level 1 in Long Blades
  1390 | D:2      | Reached skill level 1 in Axes
  1390 | D:2      | Reached skill level 1 in Maces & Flails
  1390 | D:2      | Reached skill level 1 in Polearms
  1390 | D:2      | Reached skill level 1 in Staves
  1390 | D:2      | Reached skill level 1 in Slings
  1390 | D:2      | Reached skill level 1 in Bows
  1390 | D:2      | Reached skill level 1 in Crossbows
  1390 | D:2      | Reached skill level 1 in Throwing
  1390 | D:2      | Reached skill level 1 in Armour
  1390 | D:2      | Reached skill level 1 in Shields
  1390 | D:2      | Reached skill level 1 in Unarmed Combat
  1390 | D:2      | Reached skill level 1 in Evocations
  1525 | D:2      | Reached XP level 4. HP: 32/32 MP: 9/13
  1746 | D:2      | Found a faded altar of an unknown god.
  1970 | D:2      | Reached skill level 1 in Hexes
  1970 | D:2      | Reached skill level 1 in Charms
  1970 | D:2      | Reached skill level 1 in Necromancy
  1970 | D:2      | Reached skill level 1 in Transmutations
  1970 | D:2      | Reached skill level 1 in Fire Magic
  1970 | D:2      | Reached skill level 1 in Ice Magic
  1970 | D:2      | Reached skill level 1 in Air Magic
  1970 | D:2      | Reached skill level 1 in Earth Magic
  1970 | D:2      | Reached skill level 1 in Poison Magic
  2628 | D:3      | Reached XP level 5. HP: 37/37 MP: 8/14
  2884 | D:3      | HP: 1/37 [jackal (1)]
  3302 | D:3      | Reached XP level 6. HP: 23/44 MP: 3/16
  3504 | D:3      | Reached skill level 5 in Dodging
  3904 | D:3      | Found a large runed door.
  3904 | D:3      | Found a large runed door.
  4172 | D:3      | Noticed lemonriz's ghost (amateur HOMo)
  4204 | D:3      | Killed lemonriz's ghost
  4369 | D:4      | Reached XP level 7. HP: 50/50 MP: 14/18
  4904 | D:5      | Entered Level 5 of the Dungeon
  5261 | D:5      | Found an iron altar of Okawaru.
  5928 | D:5      | Reached skill level 5 in Stealth
  6001 | D:5      | Found a bloodstained altar of Trog.
  6035 | D:5      | Found a hazy altar of Hepliaklqana.
  6036 | D:5      | Found a shimmering altar of Xom.
  6037 | D:5      | Noticed a spectral ugly thing
  6299 | D:6      | Reached XP level 8. HP: 57/57 MP: 17/19
  7018 | D:6      | Found a glowing silver altar of Zin.
  7018 | D:6      | Found a basalt altar of Yredelemnul.
  8002 | D:8      | Found a sparkling altar of Nemelex Xobeh.
  8003 | D:8      | Found an ornate altar of the Wu Jian Council.
  8177 | D:8      | Found a staircase to the Lair.
  8335 | D:8      | Reached skill level 8 in Spellcasting
  8484 | D:8      | Noticed Maurice
  8492 | D:8      | Slain by a wyvern skeleton

Vault maps used:
D:1:      dpeg_arrival_lava_temple_mockup
D:2:      chequers_ecumenical_altar_island, corexii_hall_statues_l
D:3:      lemuel_upstairs_altar, ebering_ghost_disaster_area, first_ration
D:5:      regret_index_temple_of_mockery, lemuel_coloured_pillars_altar,
          overflow_temple_1_default
D:6:      gammafunk_temple_overflow_wave
D:7:      minmay_temple_entry_fiery
D:8:      gammafunk_temple_overflow_statue, lair_entry_dummy, uniq_maurice

Skill      XL: |  1  2  3  4  5  6  7  8 |
---------------+-------------------------+-----
Conjurations   | 2 3 |  3.6
Summonings     | 2 3 |  3.6
Translocations | 2 3 |  3.6
Invocations    | 1 2 3 |  3.8
Fighting       | 1 2 3 |  3.5
Short Blades   | 1 2 3 |  3.5
Long Blades    | 1 2 3 |  3.5
Axes           | 1 2 3 |  3.5
Maces & Flails | 1 2 3 |  3.5
Polearms       | 1 2 3 |  3.5
Staves         | 1 2 3 |  3.5
Slings         | 1 2 3 |  3.5
Bows           | 1 2 3 |  3.5
Crossbows      | 1 2 3 |  3.5
Throwing       | 1 2 3 |  3.5
Armour         | 1 2 3 |  3.5
Shields        | 1 2 3 |  3.5
Unarmed Combat | 1 2 3 |  3.5
Evocations     | 1 2 3 |  3.5
Hexes          | 1 2 |  2.8
Charms         | 1 2 |  2.8
Necromancy     | 1 2 |  2.8
Transmutations | 1 2 |  2.8
Fire Magic     | 1 2 |  2.8
Ice Magic      | 1 2 |  2.8
Air Magic      | 1 2 |  2.8
Earth Magic    | 1 2 |  2.8
Poison Magic   | 1 2 |  2.8
Dodging        | 5 |  5.8
Stealth        | 5 |  5.5
Spellcasting   | 8 |  8.0

Action                   |  1- 3 |  4- 6 |  7- 9 || total
-------------------------+-------+-------+-------++-------
Melee: Unarmed           |    29 |       |       ||    29
       Bite              |     4 |     7 |    25 ||    36
       Flail             |    11 |    19 |       ||    30
       Halberd           |       |    63 |    65 ||   128
       Spear             |       |       |   304 ||   304
 Cast: Magic Dart        |    33 |    71 |     7 ||   111
       Call Imp          |     4 |     3 |    24 ||    31
       Blink             |     3 |     7 |    10 ||    20
       Mephitic Cloud    |     5 |    11 |    23 ||    39
       Conjure Flame     |     1 |     6 |     6 ||    13
  Use: Scroll            |       |     5 |     5 ||    10
       Potion            |       |     1 |     1 ||     2
 Stab: Sleeping          |     2 |     4 |    11 ||    17
       Confused          |     2 |     3 |    19 ||    24
       Distracted        |       |     1 |     3 ||     4
  Eat: Chunk             |     1 |    22 |    19 ||    42
Armor: Robe              |    14 |    11 |    66 ||    91
       Skin              |       |       |    17 ||    17
       Ring mail         |       |       |    15 ||    15
Dodge: Dodged            |    45 |    56 |   190 ||   291

Table legend:
 A = Non-vault XP
 B = Vault XP
 C = Vault XP percentage of total XP
 D = Non-vault monster count
 E = Vault monster count
 F = Vault count percentage of total count
                 A         B        C        D         E       F
            +---------+---------+-------+---------+---------+-------
      Total |    2023 |      77 |   3.7 |     138 |       1 |   0.7
            +---------+---------+-------+---------+---------+-------
        D:1 |      39 |       0 |   0.0 |      21 |       0 |   0.0
        D:2 |     118 |       0 |   0.0 |      25 |       0 |   0.0
        D:3 |     334 |      77 |  18.7 |      33 |       1 |   2.9
        D:4 |     152 |       0 |   0.0 |       8 |       0 |   0.0
        D:5 |     445 |       0 |   0.0 |      14 |       0 |   0.0
        D:6 |     125 |       0 |   0.0 |       7 |       0 |   0.0
        D:7 |     135 |       0 |   0.0 |       8 |       0 |   0.0
        D:8 |     675 |       0 |   0.0 |      22 |       0 |   0.0
            +---------+---------+-------+---------+---------+-------
